 Dungeon Crawl Stone Soup version 0.15.0-14-g6bbbb5c (webtiles) character file.

63428 Kashira the Thaumaturge (level 15, -2/125 (129) HPs)
             Began as a Naga Enchanter on Sept 4, 2014.
             Was the Champion of Qazlal.
             Killed from afar by a raiju (14 damage)
             ... with a living lightning
             ... on Level 1 of the Abyss.
             The game lasted 03:22:31 (24228 turns).

Kashira the Thaumaturge (Naga Enchanter)           Turns: 24228, Time: 03:22:32

HP  -2/125 (129) AC 13     Str 13      XL: 15   Next:  9%
MP   7/28        EV 15     Int 13      God: Qazlal [******]
Gold 1390        SH 14     Dex 16      Spells:  8 memorised, 14 levels left

rFire  + . .     SeeInvis +     r - +1 morningstar of Courage {crush, +Inv rF+ SInv}
rCold  + . .     Rnd*Rage +     Z - +0 troll leather armour
rNeg   + . .     rCorr    .     s - +0 buckler
rPois  +         rRot     .     L - +1 helmet
rElec  .         Spirit   .     F - +0 cloak
SustAb .         Warding  .     H - +1 pair of gloves
rMut   +         Stasis   .     (no barding)
Gourm  .                        C - amulet of resist mutation
MR     +....                    N - ring of wizardry
                                t - ring of Cluagum {rN+ Dex+2 Int-4 Slay+7}

@: very slightly contaminated, non-regenerating, diseased, repel missiles, very
slow, somewhat resistant to hostile enchantments, very unstealthy
A: breathe poison, constrict 1, see invisible, berserk 1, breathe poison, cold
resistance 1, deformed body, low mp 2, poison resistance, screaming 2, slowness
2, forlorn, AC +5
a: Breathe Poison Gas, Upheaval, Elemental Force, Disaster Area, Renounce
Religion, Evoke Invisibility


You were on level 1 of the Abyss.
You worshipped Qazlal.
Qazlal was exalted by your worship.
You were very hungry.

You visited 3 branches of the dungeon, and saw 21 of its levels.
You visited the Abyss 1 time.
You also visited: Ossuary.

You collected 1625 gold pieces.
You spent 235 gold pieces at shops.

Inventory:

Hand weapons
 q - the +6 whip of the Five Gods {freeze, Stlth+}
   (You took it off a gnoll on level 5 of the Dungeon)

   It has been specially enchanted to freeze those struck by it, causing extra
   injury to most foes and up to double damage against particularly susceptible
   opponents.
   It can also slow down cold-blooded creatures.
   It makes you more stealthy.
 r - the +1 morningstar of Courage (weapon) {crush, +Inv rF+ SInv}
   (You found it on level 8 of the Lair of Beasts)

   It inflicts extra damage upon your enemies.
   It protects you from fire.
   It enhances your eyesight.
   It lets you turn invisible.
Missiles
 e - a throwing net (quivered)
 X - 4 javelins
Armour
 s - a +0 buckler (worn)
 F - a +0 cloak (worn)
 H - a +1 pair of gloves (worn)
 L - a +1 helmet (worn)
 Z - a +0 troll leather armour (worn)
Magical devices
 b - a wand of frost (14)
 T - a wand of disintegration (0)
 Y - a wand of lightning (6)
Comestibles
 d - 13 bread rations
Scrolls
 a - 4 scrolls of enchant weapon
 f - a scroll of vulnerability
 h - 2 scrolls of brand weapon
 k - 8 scrolls of enchant armour
 l - 2 scrolls of magic mapping
 w - a scroll of blinking
 O - 7 scrolls of teleportation
Jewellery
 t - the ring of Cluagum (left hand) {rN+ Dex+2 Int-4 Slay+7}
   (You found it on level 3 of the Lair of Beasts)

   [ring of slaying]

   It affects your intelligence (-4).
   It affects your dexterity (+2).
   It affects your accuracy and damage with ranged weapons and melee attacks
   (+7).
   It protects you from negative energy.
 C - an amulet of resist mutation (around neck)
 D - an uncursed ring of ice
 N - a ring of wizardry (right hand)
Potions
 i - 4 potions of might
 n - 3 potions of agility
 A - a potion of haste
 E - 4 potions of resistance
 J - a potion of magic {unknown}
 W - a potion of curing
Books
 u - the Papyrus of Cold
   (You found it on level 1 of the Lair of Beasts)

   Spells                             Type                      Level
   Ensorcelled Hibernation            Hexes/Ice                    2
   Throw Icicle                       Conjuration/Ice              4
   Freezing Cloud                     Conjuration/Ice/Air          6
 y - a Necronomicon {highlevel, unknown}

   This book is beyond your current level of understanding.

   Spells                             Type                      Level
   Haunt                              Necromancy/Summoning         7
   Borgnjor's Revivification          Necromancy                   8
   Death's Door                       Charms/Necromancy            8
   Necromutation                      Transmutation/Necromancy     8
 z - a book of Air

   Spells                             Type                      Level
   Shock                              Conjuration/Air              1
   Swiftness                          Charms/Air                   2
   Repel Missiles                     Charms/Air                   2
   Flight                             Charms/Air                   3
   Static Discharge                   Conjuration/Air              3
   *Lightning Bolt                    Conjuration/Air              5
 V - a book of Envenomations

   Spells                             Type                      Level
   Spider Form                        Transmutation/Poison         3
   *Alistair's Intoxication           Transmutation/Poison         4
   Olgreb's Toxic Radiance            Poison                       4
   Poisonous Cloud                    Conjuration/Poison/Air       6


   Skills:
 + Level 7.1 Fighting
   Level 1.8 Short Blades
 + Level 5.8(5.9) Maces & Flails
   Level 1.1(3.8) Staves
 + Level 0.6 Throwing
 + Level 4.9 Armour
 + Level 8.7 Dodging
 - Level 4.6 Stealth
 + Level 6.6 Shields
 + Level 12.6 Spellcasting
 + Level 8.7 Conjurations
 + Level 11.5 Hexes
 + Level 2.6 Translocations
 + Level 1.9 Air Magic
 + Level 2.4 Poison Magic
 + Level 1.6 Evocations


You had 14 spell levels left.
You knew the following spells:

 Your Spells              Type           Power        Failure   Level  Hunger
a - Enslavement           Hex            #####...     1%          4    ###....
b - Dazzling Spray        Conj/Hex       ####....     1%          3    None
c - Confuse               Hex            #####...     1%          3    None
d - Blink                 Tloc           N/A          2%          2    None
e - Mephitic Cloud        Conj/Pois/Air  ###.....     1%          3    None
f - Magic Dart            Conj           ####         1%          1    None
g - Lightning Bolt        Conj/Air       ###.......   14%         5    ####...
h - Alistair's Intoxicat  Trmt/Pois      ##......     32%         4    ###....


Dungeon Overview and Level Annotations

Branches:
Dungeon (12/15)            Temple (1/1) D:7            Lair (8/8) D:9
  Swamp (0/5) Lair:5       Spider (0/5) Lair:4        Slime (0/6) Lair:8
    Orc: D:9-12

Altars:
Ashenzari
Cheibriados
Fedhas
Makhleb
Qazlal
Trog
Vehumet
Xom
Yredelemnul
Jiyva

Shops:
D:8 *


Innate Abilities, Weirdness & Mutations

You cannot wear boots.
You can use your snake-like lower body to constrict enemies.
Your serpentine skin is tough (AC +5).
You have supernaturally acute eyesight.
Armour fits poorly on your strangely shaped body.
Your system is resistant to poisons.
You cover ground very slowly.
You can exhale a cloud of poison.
Your flesh is cold resistant.
[You tend to lose your temper in combat.]
[Your magical capacity is very low (-20% MP).]
[You sometimes yell uncontrollably at your foes.]
[You have difficulty communicating with the divine.]


Message History

Confirm with . or Enter, or press ? or * to list all spells.
Your attempt to break free from the starspawn tentacle fails, but you feel that another attempt might succeed.
The starspawn tentacle is engulfed in roaring flames. x2
* * * LOW HITPOINT WARNING * * *
The starspawn tentacle constricts you.
The small abomination hits you but does no damage.
You feel ill.
Casting: Blink
Confirm with . or Enter, or press ? or * to list all spells.
You escape the starspawn tentacle's grasp.
You blink.
The starspawn tentacle is engulfed in roaring flames.
You block the raiju's attack. You block the orange demon's attack.
The orange demon misses you.
Casting: Blink
Confirm with . or Enter, or press ? or * to list all spells.
You blink.
The raiju bursts into living lightning!
The living lightning misses you. The living lightning hits you!
You die...

#..........#
#..........##
#........#.#
#.#........#
#..........#
#......≈?..##
##....§h4...##
#...§.§*..#.###
##..@§xwZXw...####
##.....*§§...)..##
#
##...x......§......
###...............
###...#.........
####..........
#####...... ###. .


You could see a tentacled starspawn, a wretched star, an orange demon, an
ancient zyme, a raiju, a small abomination, 2 starspawn tentacles and an
alligator zombie.

Vanquished Creatures
  Rupert (Lair:5)
  Snorg (Lair:5)
  Erica (Lair:3)
  8 hydras
  7 death yaks
  An orb spider (Lair:4)
  An unseen horror (D:10)
  A silver statue (D:11)
  2 ugly things (D:11)
  23 elephants
  4 black mambas
  Joseph (D:10)
  12 komodo dragons
  12 spiny frogs
  A feature mimic (Lair:3)
  8 fire drakes
  A queen bee (Lair:6)
  Grinder (D:4)
  2 trolls
  3 polar bears
  18 blink frogs
  3 spriggans
  2 wyverns
  2 basilisks
  A human (D:5)
  Eustachio (D:4)
  12 hippogriffs
  48 yaks
  17 water moccasins
  16 wolves
  3 ogres
  12 porcupines
  2 sky beasts
  2 orc warriors
  5 black bears
  3 phantoms
  4 centaurs
  2 necrophages
  9 ice beasts
  2 yellow wasps
  3 big kobolds
  22 crocodiles
  A gnoll sergeant (D:11)
  Blork the orc (D:4)
  25 giant frogs
  3 scorpions
  8 wights
  An eye of draining (D:12)
  30 killer bees
  A troll skeleton (D:11)
  6 electric eels
  A spriggan skeleton (D:11)
  4 crimson imps
  16 hounds
  A quasit (D:11)
  A centaur zombie (D:5)
  An elf zombie (D:12)
  A gnoll shaman (D:5)
  A human zombie (Ossuary)
  2 jellies
  4 orc priests
  A centaur skeleton (D:11)
  11 iguanas
  11 orc wizards
  10 worker ants
  A killer bee zombie (D:7)
  26 sheep
  2 ogre zombies
  4 big kobold zombies (Ossuary)
  A mottled dragon skeleton (D:12)
  An ogre skeleton (D:9)
  2 mummies (Ossuary)
  14 gnolls
  59 green rats
  35 adders
  A hound simulacrum (D:9)
  3 shadow imps
  An inept item mimic (D:4)
  6 worms
  A giant mite (D:9)
  An ufetubus (D:11)
  2 adder zombies
  15 giant geckos
  45 orcs
  15 bats
  A bat zombie (D:8)
  7 giant cockroaches
  2 gnoll zombies (Ossuary)
  12 goblins
  14 hobgoblins
  15 quokkas
  10 giant newts
  4 goblin zombies
  2 hobgoblin zombies (Ossuary)
  8 jackals
  A jackal skeleton (D:4)
  35 kobolds
  A kobold zombie (D:10)
  An orc skeleton (D:4)
  2 orc zombies (Ossuary)
  14 rats
  A rat skeleton (D:3)
  2 bushes
  63 fungi
  39 plants
890 creatures vanquished.

Vanquished Creatures (others)
  15 fungi
  3 plants
  4 starspawn tentacles (Abyss:1)
  108 starspawn tentacle segments (Abyss:1)
130 creatures vanquished.

Grand Total: 1020 creatures vanquished

Notes
Turn   | Place    | Note
--------------------------------------------------------------
     0 | D:1      | Kashira, the Naga Enchanter, began the quest for the Orb.
     0 | D:1      | Reached XP level 1. HP: 15/15 MP: 3/3
    28 | D:1      | Reached XP level 2. HP: 7/22 MP: 3/5
   400 | D:1      | Reached XP level 3. HP: 26/28 MP: 3/6
   736 | D:1      | Learned a level 3 spell: Dazzling Spray
  1007 | D:2      | Found a snail-covered altar of Cheibriados.
  1017 | D:2      | Reached XP level 4. HP: 33/36 MP: 5/9
  1455 | D:3      | Found a radiant altar of Vehumet.
  1494 | D:3      | Reached XP level 5. HP: 27/43 MP: 1/11
  1526 | D:3      | Reached skill level 1 in Conjurations
  2049 | D:3      | Found a shattered altar of Ashenzari.
  2049 | D:3      | Noticed a phantom
  2166 | D:3      | Killed a phantom
  2166 | D:3      | Reached XP level 6. HP: 30/50 MP: 1/14
  2505 | D:4      | Noticed Blork the orc
  2507 | D:4      | Noticed Eustachio
  2689 | D:4      | Noticed Grinder
  2703 | D:4      | Learned a level 3 spell: Confuse
  2731 | D:4      | Killed Grinder
  2731 | D:4      | Reached skill level 1 in Fighting
  2731 | D:4      | Reached skill level 5 in Hexes
  2731 | D:4      | Reached XP level 7. HP: 24/57 MP: 2/17
  2995 | D:4      | Killed Eustachio
  3296 | D:4      | Killed Blork the orc
  3296 | D:4      | Reached XP level 8. HP: 47/64 MP: 3/19
  3496 | D:4      | Reached skill level 5 in Spellcasting
  3728 | D:5      | Entered Level 5 of the Dungeon
  3865 | D:5      | Reached skill level 6 in Hexes
  4019 | D:5      | Found a basalt altar of Yredelemnul.
  4038 | D:5      | Found a sand-covered staircase.
  4094 | Ossuary  | Entered an ossuary
  4121 | Ossuary  | Reached skill level 1 in Shields
  4772 | D:5      | Got an encrusted whip
  4773 | D:5      | Identified the +6 whip of the Five Gods {freeze, Stlth+} (You took it off a gnoll on level 5 of the Dungeon)
  5029 | D:5      | Reached XP level 9. HP: 73/73 MP: 11/22
  5545 | D:6      | Reached skill level 1 in Maces & Flails
  5631 | D:6      | Reached skill level 7 in Hexes
  5876 | D:6      | Found a burning altar of Makhleb.
  5902 | D:6      | Found a basalt altar of Yredelemnul.
  5915 | D:6      | Identified a -3 rod of ignition (9/9) (You took it off a hobgoblin on level 6 of the Dungeon)
  6221 | D:7      | Found a staircase to the Ecumenical Temple.
  6250 | Temple   | Entered the Ecumenical Temple
  6263 | Temple   | Became a worshipper of Qazlal Stormbringer
  6822 | D:7      | Acquired Qazlal's first power
  7174 | D:8      | Found Gouzaufe's General Store.
  7177 | D:8      | Bought a potion of agility for 27 gold pieces
  7177 | D:8      | Bought a scroll of identify for 22 gold pieces
  7177 | D:8      | Bought a scroll of identify for 22 gold pieces
  7177 | D:8      | Bought a scroll of enchant armour for 82 gold pieces
  7177 | D:8      | Bought a scroll of enchant armour for 82 gold pieces
  7335 | D:8      | Learned a level 4 spell: Enslavement
  7338 | D:8      | Learned a level 2 spell: Blink
  7342 | D:8      | Learned a level 3 spell: Mephitic Cloud
  7344 | D:8      | Learned a level 1 spell: Magic Dart
  7646 | D:8      | Reached skill level 8 in Hexes
  7646 | D:8      | Reached XP level 10. HP: 82/82 MP: 15/25
  8564 | D:9      | Reached skill level 5 in Dodging
  8648 | D:9      | Acquired Qazlal's second power
  8648 | D:9      | Reached skill level 5 in Conjurations
  9100 | D:9      | Found a staircase to the Lair.
  9463 | D:10     | Entered Level 10 of the Dungeon
  9976 | D:10     | Reached skill level 9 in Hexes
  9976 | D:10     | Reached XP level 11. HP: 68/86 MP: 7/28
 10115 | D:10     | Noticed an unseen horror
 10126 | D:10     | Killed an unseen horror
 10126 | D:10     | Reached skill level 1 in Air Magic
 10126 | D:10     | Reached skill level 1 in Poison Magic
 10130 | D:10     | Acquired Qazlal's third power
 10487 | D:10     | Noticed Joseph
 10488 | D:10     | Killed Joseph
 10693 | D:11     | Noticed a silver statue
 11052 | D:11     | Noticed a purple ugly thing
 11078 | D:11     | Killed a purple ugly thing
 11097 | D:11     | Gained mutation: You can exhale a cloud of poison. [mutagenic meat]
 11332 | D:11     | Noticed a red ugly thing
 11345 | D:11     | Killed a red ugly thing
 11937 | D:11     | Acquired Qazlal's fourth power
 12236 | D:11     | Noticed a sun demon
 12270 | D:11     | Noticed a sun demon
 12291 | D:11     | Gained mutation: Your flesh is cold resistant. [a neqoxec]
 12295 | D:11     | Killed a silver statue
 12562 | D:12     | Noticed an eight-headed hydra
 12700 | Lair:1   | Entered Level 1 of the Lair of Beasts
 13048 | Lair:1   | Reached skill level 1 in Armour
 13186 | Lair:1   | Reached skill level 10 in Spellcasting
 13207 | Lair:1   | Reached XP level 12. HP: 92/95 MP: 5/30
 13642 | Lair:1   | Got a slimy scimitar
 13643 | Lair:1   | Identified the +5 scimitar "Byny" {venom, -Cast rF++ Dex+1} (You found it on level 1 of the Lair of Beasts)
 14128 | Lair:1   | Identified the Papyrus of Cold
 14657 | Lair:2   | Reached skill level 10 in Hexes
 14710 | Lair:2   | Acquired Qazlal's fifth power
 16014 | Lair:3   | Noticed a seven-headed hydra
 16025 | Lair:3   | Noticed Erica
 16461 | Lair:3   | Killed a seven-headed hydra
 16461 | Lair:3   | Reached skill level 11 in Spellcasting
 16497 | Lair:3   | Killed Erica
 16579 | Lair:3   | Reached XP level 13. HP: 104/104 MP: 19/32
 16938 | Lair:3   | Found a hole to the Spider Nest.
 17019 | Lair:3   | the hole to the Spider Nest was a mimic.
 17025 | Lair:3   | Reached skill level 1 in Translocations
 17227 | Lair:3   | Got a wavering copper ring
 17229 | Lair:3   | Identified the ring of Cluagum {rN+ Dex+2 Int-4 Slay+7} (You found it on level 3 of the Lair of Beasts)
 17503 | Lair:4   | Found a hole to the Spider Nest.
 17868 | Lair:4   | Reached skill level 1 in Staves
 18325 | Lair:5   | Noticed Snorg
 18333 | Lair:5   | Noticed Rupert
 18335 | Lair:5   | Killed Snorg
 18521 | Lair:5   | Paralysed by Rupert for 2 turns
 18582 | Lair:5   | Reached skill level 5 in Fighting
 18640 | Lair:5   | Killed Rupert
 18640 | Lair:5   | Reached skill level 1 in Evocations
 18884 | Lair:5   | Found a staircase to the Swamp.
 19504 | Lair:6   | Reached skill level 12 in Spellcasting
 19843 | Lair:6   | Reached XP level 14. HP: 107/113 MP: 17/34
 19857 | Lair:6   | Reached skill level 5 in Shields
 21501 | Lair:7   | Reached skill level 5 in Maces & Flails
 21577 | Lair:7   | Learned a level 5 spell: Lightning Bolt
 21951 | Lair:8   | Entered Level 8 of the Lair of Beasts
 22356 | Lair:8   | Got a polished morningstar
 22357 | Lair:8   | Identified the +1 morningstar of Courage {crush, +Inv rF+ SInv} (You found it on level 8 of the Lair of Beasts)
 22956 | Lair:8   | Reached XP level 15. HP: 108/124 MP: 19/35
 23079 | Lair:8   | Found a viscous altar of Jiyva.
 23080 | Lair:8   | Found a staircase to the Slime Pits.
 23518 | Lair:2   | Learned a level 4 spell: Alistair's Intoxication
 24042 | D:12     | Killed an eight-headed hydra
 24100 | D:12     | Cast into the Abyss (orc warrior)
 24196 | Abyss:1  | Noticed a tentacled starspawn
 24228 | Abyss:1  | Killed from afar by a raiju

Action                   |  1- 3 |  4- 6 |  7- 9 | 10-12 | 13-15 || total
-------------------------+-------+-------+-------+-------+-------++-------
Melee: Dagger            |    39 |    67 |   159 |       |       ||   265
       Whip              |       |       |   139 |   543 |   372 ||  1054
       Staff             |       |       |       |       |    76 ||    76
       Morningstar       |       |       |       |       |   159 ||   159
Throw: Javelin           |       |       |       |     3 |       ||     3
       Throwing net      |       |       |       |     1 |       ||     1
 Cast: Corona            |    15 |       |       |       |       ||    15
       Dazzling Spray    |     4 |    33 |    99 |    91 |    92 ||   319
       Confuse           |       |     2 |    50 |   108 |    66 ||   226
       Magic Dart        |       |       |     6 |   542 |   104 ||   652
       Mephitic Cloud    |       |       |     1 |    18 |    27 ||    46
       Blink             |       |       |       |     3 |    42 ||    45
       Lightning Bolt    |       |       |       |       |     1 ||     1
 Abil: Spit Poison       |    35 |    49 |    95 |    54 |       ||   233
       Breathe Poison Ga |       |       |       |    32 |    34 ||    66
Evoke: Wand              |       |       |     2 |    13 |     7 ||    22
  Use: Scroll            |       |       |    20 |    16 |     6 ||    42
       Potion            |       |       |     2 |       |     8 ||    10
 Stab: Sleeping          |       |     3 |    17 |       |       ||    20
       Confused          |       |     2 |    11 |    30 |     5 ||    48
       Invisible         |       |       |     3 |     4 |     9 ||    16
       Distracted        |       |       |       |       |     1 ||     1
  Eat: Chunk             |     2 |    10 |    24 |    40 |    29 ||   105
       Bread ration      |       |     1 |       |       |       ||     1
       Meat ration       |       |       |     1 |       |     1 ||     2
       Pizza             |       |       |     1 |       |     1 ||     2
       Beef jerky        |       |       |       |     1 |       ||     1
